 Dungeon Crawl Stone Soup version 0.27.0-1-g7a089689b8 (webtiles) character file.

Game seed: 17334591573061374245

7 ZARRMARR the Bolt Thrower (level 2, -1/17 HPs)
             Began as a Kobold Hunter on Aug 14, 2021.
             Slain by a jackal (3 damage)
             ... on level 1 of the Dungeon.
             The game lasted 00:02:23 (438 turns).

ZARRMARR the Bolt Thrower (Kobold Hunter)            Turns: 438, Time: 00:02:23

Health: -1/17      AC:  3    Str:  9    XL:     2   Next: 5%
Magic:  2/2        EV: 14    Int: 12    God:
Gold:   13         SH:  0    Dex: 15    Spells: 1/1 levels left

rFire    . . .     SeeInvis .   i - +0 rapier
rCold    . . .     Faith    .   (shield restricted)
rNeg     . . .     Spirit   .   c - +0 leather armour
rPois    .         Reflect  .   (no helmet)
rElec    .         Harm     .   (no cloak)
rCorr    .         Rampage  .   (no gloves)
Will     .....                  (no boots)
Stlth    +++.......             (no amulet)
HPRegen  0.05/turn              (no ring)
MPRegen  0.08/turn              (no ring)

@: no status effects
A: small, no large weapons, nightstalker 3
a: no special abilities


You were on level 1 of the Dungeon.
You visited 1 branch of the dungeon, and saw 1 of its levels.

You collected 13 gold pieces.

Inventory:

Hand Weapons
 a - a +1 hand crossbow
 i - a +0 rapier (weapon)
Missiles
 d - 17 bolts
Armour
 c - a +0 leather armour (worn)
Scrolls
 b - a scroll of immolation {unknown}
 e - a scroll of identify {unknown}
 g - a scroll of fog {unknown}
 h - a scroll of fear {unknown}
Potions
 f - a potion of lignification {unknown}


   Skills:
 + Level 2.1 Fighting
 + Level 5.3 Crossbows
 + Level 2.4 Dodging
 + Level 1.3 Stealth


You had one spell level left.
You didn't know any spells.
Your spell library was empty.

Dungeon Overview and Level Annotations

Branches:
Dungeon (1/15)

Altars:


Innate Abilities, Weirdness & Mutations

You are small and have problems with some larger weapons.
You are completely attuned to the shadows.


Message History

You closely miss the jackal. The jackal barely misses you.
The jackal bites you.
You hit the jackal but do no damage. The jackal closely misses you. x2
You miss the jackal. The jackal barely misses you.
You hit the jackal but do no damage. The jackal misses you.
A ball python comes into view.
The jackal bites you.
The ball python hisses angrily.
You hit the jackal.
The jackal is lightly wounded.
The jackal misses you. The jackal bites you.
You barely miss the jackal.
The jackal is lightly wounded.
The jackal bites you.
* * * LOW HITPOINT WARNING * * *
The jackal closely misses you.
You hit the jackal.
You kill the jackal!
The jackal bites you but does no damage.
You have reached level 2!
You closely miss the jackal. The jackal misses you.
The jackal bites you but does no damage.
You hit the jackal.
The jackal is lightly wounded.
The jackal bites you but does no damage.
You barely miss the jackal.
The jackal is lightly wounded.
The jackal closely misses you. The jackal barely misses you.
You hit the jackal.
The jackal is almost dead.
The jackal bites you but does no damage.
The jackal closely misses you.
You closely miss the jackal.
The jackal is almost dead.
The jackal bites you.
* * * LOW HITPOINT WARNING * * *
You closely miss the jackal.
The jackal is almost dead.
The jackal bites you.
You die...

#........######.
#...............
...(.#.........#####.
.....#.........# ##
.....#.........#
.....#.........#
...Sh#.........#
####h#.........#
#@#.........#
#.#.........#
#...........#
###........##
#........# #........#
##########


You could see 2 jackals and a ball python.

Vanquished Creatures
  A ball python (D:1)
  A giant cockroach (D:1)
  A goblin (D:1)
  2 jackals (D:1)
5 creatures vanquished.

Notes
Turn   | Place    | Note
-------+----------+-------------------------------------------
     0 | D:1      | ZARRMARR the Kobold Hunter began the quest for the Orb.
     0 | D:1      | Reached XP level 1. HP: 12/12 MP: 1/1
   277 | D:1      | Reached skill level 5 in Crossbows
   433 | D:1      | Reached XP level 2. HP: 3/17 MP: 2/2
   438 | D:1      | Slain by a jackal

Illustrated notes

Levels and vault maps discovered:
D:1:      dpeg_arrival_short_road, layout_basic, minmay_misc_feat_rows

Skill      XL: |  1 |
---------------+----+-----
Crossbows      | 5 |  5.3
Fighting       | |  2.1
Dodging        | |  2.4
Stealth        | |  1.3

Action                   || total
-------------------------++-------
Melee: Rapier            ||    16
       Short sword       ||     3
 Fire: Hand crossbow     ||     5
Armor: Leather armour    ||     5
Dodge: Dodged            ||    13
